 Dungeon Crawl Stone Soup version 0.29-a0-121-g8efb068a30 (webtiles) character file.

Game seed: 13196664142308164973

451 Ordine the Conjurer (level 6, -1/35 HPs)
             Began as a Deep Elf Conjurer on Feb 20, 2022.
             Slain by a lemure (7 damage)
             ... led by Pikel
             ... on level 4 of the Dungeon.
             The game lasted 00:06:48 (3056 turns).

Ordine the Conjurer (Deep Elf Conjurer)             Turns: 3056, Time: 00:06:49

Health: -1/35      AC:  3    Str:  4    XL:     6   Next: 75%
Magic:  0/15       EV: 17    Int: 25    God:
Gold:   203        SH:  0    Dex: 13    Spells: 7/14 levels left

rFire   . . .      SeeInvis .   e - +2 rapier (venom)
rCold   . . .      Faith    .   (no shield)
rNeg    . . .      Spirit   .   a - +0 robe
rPois   .          Reflect  .   k - +0 helmet
rElec   .          Harm     .   (no cloak)
rCorr   +          Rampage  .   (no gloves)
Will    .....                   (no boots)
Stlth   +++.......              (no amulet)
HPRegen 0.00/turn               i - +4 ring of evasion
MPRegen 0.14/turn               l - ring of resist corrosion

@: inhibited regen
A: inhibited regeneration
a: no special abilities


You were on level 4 of the Dungeon.
You visited 1 branch of the dungeon, and saw 4 of its levels.

You collected 203 gold pieces.

Inventory:

Hand Weapons
 e - a +2 rapier of venom (weapon)
Armour
 a - a +0 robe (worn)
 k - a +0 helmet (worn)
 o - the +0 leather armour "Doucoxos" {rN+ Str+2 SInv}
   (You found it on level 3 of the Dungeon)

   Str:       It affects your strength (+2).
   rN:        It protects you from negative energy.
   SInv:      It lets you see invisible.
Jewellery
 i - a +4 ring of evasion (left hand)
 l - a ring of resist corrosion (right hand)
Wands
 h - a wand of acid (2)
Scrolls
 b - 3 scrolls of magic mapping {unknown}
 d - 3 scrolls of vulnerability {unknown}
 f - 2 scrolls of identify {unknown}
 m - a scroll of holy word {unknown}
 p - a scroll of teleportation {unknown}
Potions
 c - 2 potions of flight {unknown}
 g - a potion of lignification {unknown}
 j - a potion of mutation
 n - 2 potions of brilliance {unknown}


   Skills:
 + Level 2.1 Fighting
 + Level 4.3 Dodging
 + Level 4.4 Stealth
 + Level 4.8 Spellcasting
 + Level 5.3 Conjurations
 + Level 2.5 Evocations


You had 7 spell levels left.
You knew the following spells:

 Your Spells              Type           Power      Damage    Failure   Level
a - Magic Dart            Conj           100%       1d8       1%          1
b - Searing Ray           Conj           64%        2d6       1%          2
c - Iskenderun's Mystic   Conj/Tloc      19%        2d6       28%         4

Your spell library contained the following spells:

 Spells                   Type           Power      Damage    Failure   Level
 Dazzling Flash           Conj/Hex       38%        N/A       9%          3
 Fulminant Prism          Conj/Hex       9%         3d7       28%         4


Dungeon Overview and Level Annotations

Branches:
Dungeon (4/15)
 Temple: D:4-7

Altars:

Annotations:
D:4 Pikel


Innate Abilities, Weirdness & Mutations

You do not regenerate when monsters are visible.


Message History

Pikel is heavily wounded.
You finish channelling your searing ray.
The lemure completely misses you. The lemure misses you.
Casting: Searing Ray (safe; 1% risk of failure)
Confirm with . or Enter, or press ? or * to list all spells.
Aiming: Searing Ray (safe; 1% risk of failure)
Press: ? - help, Shift-Dir - straight line, f/p - Pikel
Aim: Pikel, wielding a +0 whip of freezing and wearing a +2 robe of the Archmagi (heavily wounded, 76% to hit)
The searing ray misses the lemure.
The searing ray hits Pikel.
Pikel is severely wounded. (Press . to maintain the ray.)
The lemure hits you!
* * * LOW HITPOINT WARNING * * *
The lemure misses you.
Unknown command.
Unknown command.
It was a potion of mutation.
You feel extremely strange.
Your regeneration stops near monsters.
The lemure completely misses you.
Casting: Searing Ray (safe; 1% risk of failure)
Confirm with . or Enter, or press ? or * to list all spells.
Aiming: Searing Ray (safe; 1% risk of failure)
Press: ? - help, Shift-Dir - straight line, f/p - Pikel
Aim: Pikel, wielding a +0 whip of freezing and wearing a +2 robe of the Archmagi (severely wounded, 76% to hit)
The searing ray misses Pikel.
The searing ray hits the lemure.
You kill the lemure!
That felt strangely unrewarding. (Press . to maintain the ray.)
The lemure completely misses you.
Unknown command.
Unknown command.
The searing ray misses Pikel.
The searing ray hits the lemure.
The lemure is heavily wounded.
The lemure closely misses you. Pikel misses you.
The searing ray hits Pikel!
Pikel is almost dead.
The searing ray hits the lemure.
The lemure is severely wounded.
The lemure hits you!
You die...

..... ... #...# ....
#...###.... #..........
#.......... #..........
#..... .....#..........
#..... .....###@# #+###
#.....###.....#5K###....#
#.......#.....#.5.......#
#.......#.....#.........#
#.......#.....#.........+
#.......#.<...#.........#
#.....5.'.....#.........#
#...5...#K....#.........#
#...K5..#.....#.........#


You could see Pikel and 2 lemures.

Vanquished Creatures
  Grinder (D:3)
  An ice beast (D:3)
  2 lemures (D:4)
  A hound (D:3)
  Natasha (D:2)
  Robin (D:3)
  4 adders
  An ufetubus (D:4)
  4 ball pythons
  6 endoplasms
  A giant cockroach (D:3)
  7 goblins
  7 hobgoblins
  4 jackals
  3 kobolds
  7 quokkas
  3 bats
  4 frilled lizards
  4 rats
62 creatures vanquished.

Notes
Turn   | Place    | Note
-------+----------+-------------------------------------------
     0 | D:1      | Ordine the Deep Elf Conjurer began the quest for the Orb.
     0 | D:1      | Reached XP level 1. HP: 10/10 MP: 6/6
   245 | D:1      | Reached XP level 2. HP: 16/16 MP: 6/8
   248 | D:1      | Learned a level 2 spell: Searing Ray
   983 | D:2      | Reached XP level 3. HP: 20/20 MP: 6/9
  1166 | D:2      | Noticed Natasha
  1169 | D:2      | Killed Natasha
  1170 | D:2      | Reached skill level 1 in Fighting
  1402 | D:2      | Found a faded altar of an unknown god.
  1467 | D:2      | Reached XP level 4. HP: 25/25 MP: 7/11
  1668 | D:3      | Noticed Robin
  1689 | D:3      | Killed Robin
  1905 | D:3      | Identified the +0 leather armour "Doucoxos" {rN+ Str+2
                  | SInv}
  1956 | D:3      | Reached skill level 1 in Evocations
  2068 | D:3      | Reached XP level 5. HP: 29/29 MP: 8/13
  2078 | D:3      | Learned a level 4 spell: Iskenderun's Mystic Blast
  2237 | D:3      | Noticed Grinder
  2242 | D:3      | Paralysed by Grinder for 5 turns
  2250 | D:3      | Killed Grinder
  2251 | D:3      | Reached skill level 5 in Conjurations
  2251 | D:3      | Reached XP level 6. HP: 13/35 MP: 3/14
  2662 | D:3      | Noticed an ice beast
  2672 | D:3      | Killed an ice beast
  3019 | D:4      | Noticed Pikel
  3053 | D:4      | Gained mutation: You do not regenerate when monsters are
                  | visible. [potion of mutation]
  3056 | D:4      | Slain by a lemure

Illustrated notes

Levels and vault maps discovered:
D:1:      beargit_arrival_greenhouse, layout_basic
D:2:      layout_basic, shapermc_ecumenical_altar_mp_highgroup, uniq_natasha
D:3:      layout_basic, minmay_crystal_room, uniq_robin, uniq_grinder
D:4:      layout_gridville, grunt_tough_drop, uniq_duvessa, uniq_menkaure,
          uniq_pikel, uniq_ijyb

Skill      XL: |  1  2  3  4  5  6 |
---------------+-------------------+-----
Stealth        | 3 4 |  4.4
Dodging        | 3 4 |  4.3
Fighting       | 1 2 |  2.1
Spellcasting   | 4 |  4.8
Evocations     | 1 2 |  2.5
Conjurations   | 5 |  5.3

Action                   |  1- 3 |  4- 6 || total
-------------------------+-------+-------++-------
Melee: Rapier            |     2 |     6 ||     8
 Cast: Magic Dart        |    63 |    54 ||   117
       Searing Ray       |       |    10 ||    10
  Use: Potion            |       |     1 ||     1
Armor: Robe              |     1 |     5 ||     6
Dodge: Dodged            |     7 |    40 ||    47

Table legend: (Time is in decaauts)
 A = Elapsed time spent in this place.
 B = Non-inter-level travel time spent in this place.
 C = Inter-level travel time spent in this place.
 D = Time resting spent in this place.
 E = Time spent auto-exploring this place.
 F = Levels seen in this place.
 G = Mean time per level.
                   A        B        C        D        E       F      G
               +--------+--------+--------+--------+--------+-----+--------+
         Total |   3055 |   2980 |     75 |      0 |   2650 |   4 |  763.8 |
       Dungeon |   3055 |   2980 |     75 |      0 |   2650 |   4 |  763.8 |
               +--------+--------+--------+--------+--------+-----+--------+

Top non-repeatable levels by time:
     D:3: 1354 daAuts
     D:1: 910 daAuts
     D:2: 727 daAuts
     D:4: 62 daAuts
